 Dungeon Crawl Stone Soup version 0.25.1-2-g60ff931df9 (webtiles) character file.

Game seed: 17889025254097494285

116 funkygono the Charlatan (level 4, -6/32 HPs)
             Began as a Demonspawn Artificer on Sept 6, 2020.
             Killed by nerve-wracking pain
             ... invoked by Grinder
              (9 damage)
             ... on level 3 of the Dungeon.
             The game lasted 00:05:20 (2570 turns).

funkygono the Charlatan (Demonspawn Artificer)      Turns: 2570, Time: 00:05:21

Health: -6/32      AC: 10    Str: 14    XL:     4   Next: 69%
Magic:  6/6        EV:  7    Int: 12    God:
Gold:   136        SH:  6    Dex: 13    Spells: 3/3 levels left

rFire    . . .     SeeInvis .   m - +0 whip
rCold    . . .     Gourm    .   (no shield)
rNeg     . . .     Faith    .   i - +0 chain mail
rPois    .         Spirit   .   p - +1 helmet
rElec    .         Reflect  .   (no cloak)
rCorr    .         Harm     .   (no gloves)
MR       .....                  (no boots)
Stlth    ..........             (no amulet)
HPRegen  0.10/turn              (no ring)
MPRegen  0.10/turn              (no ring)

@: no status effects
A: large bone plates 2, spiny 1
a: no special abilities


You were on level 3 of the Dungeon.
You were not hungry.

You visited 1 branch of the dungeon, and saw 3 of its levels.

You collected 136 gold pieces.

Inventory:

Hand Weapons
 a - a +0 short sword
 h - a +0 club
 m - a +0 whip (weapon)
Missiles
 n - 53 stones (quivered)
Armour
 i - a +0 chain mail (worn)
 p - a +1 helmet (worn)
Wands
 c - a wand of flame (10)
 d - a wand of enslavement (14)
 e - a wand of random effects (15)
Scrolls
 g - a scroll of teleportation
Potions
 k - a potion of might
 o - a potion of cancellation {unknown}
Comestibles
 b - a chunk of flesh
 f - 2 rations


   Skills:
 + Level 1.4 Fighting
 - Level 0.8 Short Blades
 + Level 0.9 Maces & Flails
 + Level 1.8 Armour
 + Level 2.5 Dodging
 + Level 1.2 Stealth
 + Level 3.9 Evocations


You had 3 spell levels left.
You didn't know any spells.
Your spell library was empty.

Dungeon Overview and Level Annotations

Branches:
Dungeon (3/15)

Altars:
Fedhas
Qazlal

Annotations:
D:3 Grinder


Innate Abilities, Weirdness & Mutations

You are mostly covered in large bone plates. (SH +6)
You are partially covered in sharp spines.


Message History

Grinder hits you but does no damage.
You hit Grinder but do no damage.
Grinder is severely wounded.
Grinder hits you.
You writhe in agony.
You hit Grinder.
Grinder is almost dead.
Grinder is struck by your spines. Grinder hits you.
* * * LOW HITPOINT WARNING * * *
You writhe in agony.
* * * LOW HITPOINT WARNING * * *
You closely miss Grinder.
Grinder is almost dead.
Grinder blinks!
You start resting.
Grinder is too close now for your liking.
You closely miss Grinder.
Grinder is almost dead.
Grinder gestures at you. Pain shoots through your body!
You die...

≈..♣$. ..♣..≈ ..♣..
..♣.. .... .o..
...♣... †.?.. ####
≈.≈ #..# ##'#
#####..#
#.§###..÷...#
#.#%#@#.....#
##.##5##.....#
#..###########
##.## #...##
#.#.#.##
..##.##.###########
#..
#.###.##........ #.
#........#######


You could see Grinder.

Vanquished Creatures
  4 adders
  A worm (D:2)
  3 dart slugs (D:1)
  A leopard gecko (D:1)
  5 orcs (D:3)
  9 bats
  A giant cockroach (D:1)
  3 goblins (D:1)
  5 hobgoblins
  11 kobolds
  A ball python (D:3)
  2 frilled lizards (D:1)
  6 rats
52 creatures vanquished.

Vanquished Creatures (others)
  An orc wizard (D:3)
1 creature vanquished.

Grand Total: 53 creatures vanquished

Notes
Turn   | Place    | Note
-------+----------+-------------------------------------------
     0 | D:1      | funkygono the Demonspawn Artificer began the quest for the
                  | Orb.
     0 | D:1      | Reached XP level 1. HP: 15/15 MP: 3/3
   325 | D:1      | Gained mutation: You are partially covered in sharp spines.
                  | [demonic ancestry]
   325 | D:1      | Reached XP level 2. HP: 18/21 MP: 4/4
  1251 | D:1      | Gained mutation: You are partially covered in large bone
                  | plates. (SH +4) [demonic ancestry]
  1251 | D:1      | Reached XP level 3. HP: 24/26 MP: 5/5
  1578 | D:2      | Reached skill level 1 in Armour
  1578 | D:2      | Reached skill level 1 in Stealth
  1868 | D:2      | Found a blossoming altar of Fedhas.
  1870 | D:2      | Found a stormy altar of Qazlal.
  2172 | D:3      | Gained mutation: You are mostly covered in large bone
                  | plates. (SH +6) [demonic ancestry]
  2172 | D:3      | Reached XP level 4. HP: 32/32 MP: 6/6
  2532 | D:3      | Noticed Grinder
  2538 | D:3      | Paralysed by Grinder for 6 turns
  2553 | D:3      | Paralysed by Grinder for 2 turns
  2570 | D:3      | Killed from afar by Grinder

Illustrated notes

Levels and vault maps discovered:
D:1:      doesnt_arrival_eight_statues, layout_basic, hangedman_decor_points,
          minmay_split_cup_large
D:2:      layout_rooms, grunt_temple_overflow_forces_of_nature,
          kennysheep_another_room
D:3:      layout_loops_cross, first_ration, kennysheep_generic_room_16,
          uniq_sigmund, uniq_grinder

Skill      XL: |  1  2  3 |
---------------+----------+-----
Armour         | 1 |  1.8
Dodging        | 2 |  2.5
Stealth        | 1 |  1.2
Fighting       | |  1.4
Short Blades   | |  0.8
Maces & Flails | |  0.9
Evocations     | |  3.9

Action                   |  1- 3 |  4- 6 || total
-------------------------+-------+-------++-------
Melee: Short sword       |    22 |       ||    22
       Club              |    34 |       ||    34
       Whip              |    62 |    49 ||   111
Evoke: Wand              |     2 |     4 ||     6
  Use: Scroll            |     6 |       ||     6
       Potion            |       |     1 ||     1
 Stab: Sleeping          |     1 |       ||     1
  Eat: Chunk             |     4 |     1 ||     5
Armor: Leather armour    |    28 |     2 ||    30
       Chain mail        |       |    11 ||    11
Dodge: Dodged            |    73 |    15 ||    88
Block: Other             |    12 |    14 ||    26
